 Dungeon Crawl Stone Soup version 0.27-a0-412-g8dd771eca2 (webtiles) character file.

Game seed: 16597769448153467165

17812 Nattfarinn the Arsonist (level 12, -10/92 HPs)
             Began as a Hill Orc Fire Elementalist on Feb 24, 2021.
             Was an Elder of Okawaru.
             Mangled by a bog body (20 damage)
             ... on level 2 of the Lair of Beasts.
             The game lasted 00:43:40 (16687 turns).

Nattfarinn the Arsonist (HOFE)                     Turns: 16687, Time: 00:43:40

Health: -10/92     AC: 13    Str: 15    XL:     12   Next: 51%
Magic:  26/36      EV: 12    Int: 19    God:    Okawaru [****..]
Gold:   640        SH:  0    Dex: 11    Spells: 23/33 levels left

rFire    . . .     SeeInvis .   c - +11 falchion "Muyschoal" {elec, rElec Stlth+}
rCold    . . .     Faith    .   (no shield)
rNeg     + . .     Spirit   .   a - +0 robe
rPois    .         Reflect  .   h - +2 helmet
rElec    +         Harm     .   A - +2 cloak
rCorr    .         Rampage  .   E - +2 pair of gloves {Str+3}
Will     .....                  x - +1 pair of boots
Stlth    +++.......             p - amulet of regeneration
HPRegen  1.25/turn              t - ring of magical power
MPRegen  0.25/turn              y - ring of positive energy

@: slowed, very slow
A: no striking features
a: Renounce Religion, Heroism


You were on level 2 of the Lair of Beasts.
You worshipped Okawaru.
Okawaru was greatly pleased with you.
You visited 3 branches of the dungeon, and saw 14 of its levels.

You collected 640 gold pieces.

Inventory:

Hand Weapons
 c - the +11 falchion "Muyschoal" (weapon) {elec, rElec Stlth+}
   (You found it on level 6 of the Dungeon)

   Occasionally, upon striking a foe, it can discharge electrical energy and
   cause terrible harm.
   It insulates you from electricity.
   It makes you more stealthy.
 d - a +0 club
 i - a +2 spectral quarterstaff
Armour
 a - a +0 robe (worn)
 h - a +2 helmet (worn)
 v - a scarf of repulsion
 w - a +2 pair of gloves
 x - a +1 pair of boots (worn)
 A - a +2 cloak (worn)
 E - a +2 pair of gloves of strength (worn)
Jewellery
 p - an amulet of regeneration (around neck)
 t - a ring of magical power (left hand)
 y - a ring of positive energy (right hand)
 F - an amulet of faith
 H - a ring of positive energy
 M - a +4 ring of protection {unknown}
Wands
 s - a wand of polymorph (13)
 B - a wand of iceblast (15)
 D - a wand of acid (11)
 J - a wand of paralysis (7)
Scrolls
 e - a scroll of identify
 j - 8 scrolls of teleportation
 n - 2 scrolls of fog
 u - a scroll of fear
 C - 2 scrolls of torment
 K - a scroll of magic mapping
Potions
 b - 4 potions of curing
 k - 3 potions of degeneration {unknown}
 l - 3 potions of flight {unknown}
 m - a potion of lignification {unknown}
 o - 3 potions of haste {unknown}
 q - 2 potions of attraction
 r - 3 potions of might {unknown}
 z - a potion of berserk rage {unknown}
 I - 2 potions of ambrosia {unknown}


   Skills:
 - Level 4.6 Fighting
 - Level 1.5 Dodging
 - Level 1.5 Stealth
 - Level 11.0 Spellcasting
 - Level 4.0 Conjurations
 + Level 14.3 Fire Magic


You had 23 spell levels left.
You knew the following spells:

 Your Spells              Type           Power        Failure   Level
a - Foxfire               Conj/Fire      100%         1%          1
b - Sticky Flame          Conj/Fire      45%          1%          4
c - Fireball              Conj/Fire      22%          4%          5

Your spell library contained the following spells:

 Spells                   Type           Power        Failure   Level
 Conjure Flame            Conj/Fire      45%          1%          3
 Inner Flame              Hex/Fire       37%          1%          3
 Iskenderun's Mystic Bla  Conj/Tloc      18%          28%         4
 Passage of Golubria      Tloc           N/A          54%         4
 Summon Ice Beast         Ice/Summ       10%          54%         4
 Irradiate                Conj/Tmut      9%           63%         5
 Hydra Form               Tmut           5%           100%        6
 Statue Form              Tmut/Erth      6%           100%        6
 Dragon Form              Tmut           5%           100%        7


Dungeon Overview and Level Annotations

Branches:
Dungeon (11/15)            Temple (1/1) D:5            Lair (2/6) D:8
  Swamp: Lair:2-4    Shoals: Lair:2-4     Snake: Lair:2-4    Spider: Lair:2-4
    Orc: D:9-12

Altars:
Ashenzari
Cheibriados
Dithmenos
Elyvilon
Fedhas
Gozag
Hepliaklqana
Kikubaaqudgha
Makhleb
Nemelex Xobeh
Okawaru
Qazlal
Ru
Sif Muna
Trog
Uskayaw
Vehumet
Wu Jian
Xom
Yredelemnul
Zin
The Shining One
Lugonu

Portals:
Abyss: Lair:1

Annotations:
D:9 1 runed translucent door, TimeIsEndless's ghost, journeyman FoFi


Message History

You resist with significant effort.
The bog body touches you but does no damage.
Casting: Foxfire (safe; 1% risk of failure)
Confirm with . or Enter, or press ? or * to list all spells.
Aiming: Sticky Flame (mildly dangerous; 1% risk of failure)
Press: ? - help, Shift-Dir - straight line, f/p - bog body
Aim: a bog body (severely damaged, 0% to evade)
The sticky flame hits the bog body.
The bog body resists.
The bog body is severely damaged.
The bog body is covered in liquid flames!
The bog body burns! x2
The bog body touches you but does no damage.
The bog body touches you! The bog body freezes you!
* * * LOW HITPOINT WARNING * * *
The bog body burns!
The bog body barely misses you.
You riposte.
You slash the bog body! Lightning courses through the bog body!
You destroy the bog body!
Okawaru accepts your kill.
Okay, then.
Okay, then.
Okay, then.
You feel much better. The bog body touches you. The bog body freezes you!!
* * * LOW HITPOINT WARNING * * *
The bog body touches you but does no damage.
Okay, then.
Press: ? - help, v - describe, . - travel
Here: a bog body The floor.
Unknown command.
Unknown command.
Aiming: Paralyse
Press: ? - help, Shift-Dir - straight line, f - bog body
Aim: a bog body (chance to affect: 28%)
The bog body easily resists.
The bog body completely misses you.
As you read the scroll labelled NINEPS IGARE, it crumbles to dust.
Wisps of shadow whirl around you...
It was a scroll of summoning.
The bog body touches you!
* * * LOW HITPOINT WARNING * * *
The bog body freezes you!!
You die...

### ### #..###P#####
#######
##.#.##DP.#P#######.#.#.##
#.........F.........^.)...
#.......†@................
#.....##n.#..#.#.#.....#..
#.....#.F........#......##
#.....#........<.#.....P##
#......#+##....###......##
#......................###
#.......................##
#.........................
##.........................


You could see a bog body (ally target), a friendly four-headed hydra (summoned),
a friendly cane toad (summoned) and a friendly bullfrog (summoned).

Vanquished Creatures
  Erolcha (D:10)
  2 two-headed ogres
  A bog body (Lair:2)
  An ugly thing (D:11)
  3 oklob plants (Lair:1)
  2 black mambas (Lair:1)
  A cane toad (Lair:1)
  A gargoyle (D:11)
  2 trolls
  2 hornets
  Prince Ribbit (Lair:1)
  4 blink frogs (Lair:1)
  Sigmund (D:2)
  A shadow (D:11)
  A vampire (D:11)
  23 yaks
  3 wargs (D:8)
  A soldier ant (D:11)
  4 water moccasins
  2 necrophages (D:11)
  7 orc warriors
  A sky beast (D:8)
  3 black bears
  3 ice beasts
  4 ogres
  8 centaurs
  6 wolves
  3 phantoms
  2 kobold brigands (D:11)
  7 bullfrogs
  A wyvern zombie (D:9)
  2 scorpions
  3 killer bees (D:8)
  5 wights (D:9)
  An electric eel (Lair:1)
  2 quasits
  13 orc priests
  3 jellies
  A hound (D:9)
  2 bullfrog skeletons
  3 centaur zombies
  4 iguanas
  7 worker ants
  15 orc wizards
  2 hound zombies (D:9)
  Robin (D:3)
  A worker ant zombie (D:7)
  11 adders
  4 gnolls (D:6)
  3 shadow imps
  2 white imps
  4 ufetubi
  An ooze (D:4)
  An adder zombie (D:6)
  An adder skeleton (D:4)
  4 worms
  6 dart slugs
  8 leopard geckos
  67 orcs
  9 bats
  11 giant cockroaches
  20 goblins
  10 hobgoblins
  10 jackals
  16 kobolds
  6 quokkas
  9 frilled lizards
  A quokka skeleton (D:8)
  A quokka zombie (D:7)
  8 rats
  A lurking horror (Lair:1)
381 creatures vanquished.

Vanquished Creatures (collateral kills)
  5 foxfires (Lair:1)
5 creatures vanquished.

Vanquished Creatures (others)
  1828 foxfires
  3 fungi
  16 plants
1847 creatures vanquished.

Grand Total: 2233 creatures vanquished

Notes
Turn   | Place    | Note
-------+----------+-------------------------------------------
     0 | D:1      | Nattfarinn the Hill Orc Fire Elementalist began the quest
                  | for the Orb.
     0 | D:1      | Reached XP level 1. HP: 14/14 MP: 3/3
   306 | D:1      | Reached XP level 2. HP: 15/22 MP: 1/4
   550 | D:1      | Reached skill level 1 in Fighting
   799 | D:1      | Reached XP level 3. HP: 28/28 MP: 1/5
   800 | D:1      | Reached skill level 4 in Fire Magic
  1887 | D:2      | Reached XP level 4. HP: 32/36 MP: 3/6
  2370 | D:2      | Noticed an ogre
  2378 | D:2      | Killed an ogre
  2379 | D:2      | Reached skill level 5 in Fire Magic
  2379 | D:2      | Reached XP level 5. HP: 33/44 MP: 0/7
  2760 | D:2      | Noticed Sigmund
  2807 | D:2      | Killed Sigmund
  2808 | D:2      | Reached skill level 6 in Fire Magic
  2808 | D:2      | Reached XP level 6. HP: 40/51 MP: 0/8
  3238 | D:3      | Noticed Robin
  3246 | D:3      | Killed Robin
  3659 | D:3      | Reached XP level 7. HP: 24/58 MP: 1/9
  3940 | D:3      | You fall into a shaft and drop 1 floor!
  4421 | D:4      | Reached skill level 7 in Fire Magic
  5315 | D:5      | Entered Level 5 of the Dungeon
  5667 | D:5      | Reached XP level 8. HP: 56/67 MP: 3/12
  6319 | D:5      | Found a staircase to the Ecumenical Temple.
  6328 | Temple   | Entered the Ecumenical Temple
  6655 | Temple   | Became a worshipper of Warmaster Okawaru
  7001 | D:6      | Learned a level 4 spell: Sticky Flame
  7076 | D:6      | Reached skill level 5 in Spellcasting
  7745 | D:6      | Got a scorched falchion
  7746 | D:6      | Identified the +11 falchion "Muyschoal" {elec, rElec
                  | Stlth+} (You found it on level 6 of the Dungeon)
  7836 | D:6      | Reached XP level 9. HP: 72/72 MP: 17/17
  8141 | D:7      | Reached * piety under Okawaru
  8990 | D:8      | Found a bloodstained altar of Trog.
  9200 | D:8      | Noticed a hornet
  9204 | D:8      | Paralysed by a hornet for 3 turns
  9214 | D:8      | Killed a hornet
  9457 | D:8      | Reached ** piety under Okawaru
  9833 | D:7      | Reached XP level 10. HP: 56/80 MP: 20/22
  9895 | D:8      | Found a staircase to the Lair.
 10183 | D:8      | Noticed a two-headed ogre
 10195 | D:8      | Killed a two-headed ogre
 10195 | D:8      | Reached *** piety under Okawaru
 11008 | D:9      | Found a runed translucent door.
 11062 | D:9      | Reached **** piety under Okawaru
 11066 | D:9      | Reached skill level 10 in Spellcasting
 11595 | D:9      | Noticed TimeIsEndless's ghost (journeyman FoFi)
 11612 | D:9      | Reached XP level 11. HP: 69/85 MP: 23/25
 12010 | D:10     | Entered Level 10 of the Dungeon
 12010 | D:10     | Noticed a two-headed ogre
 12078 | D:10     | Killed a two-headed ogre
 12078 | D:10     | Reached ***** piety under Okawaru
 12079 | D:10     | Reached skill level 8 in Fire Magic
 12443 | D:10     | Reached skill level 9 in Fire Magic
 12491 | D:10     | Noticed Erolcha
 12500 | D:10     | Learned a level 5 spell: Fireball
 12518 | D:10     | Killed Erolcha
 12744 | D:10     | Reached skill level 10 in Fire Magic
 13343 | D:11     | Received a gift from Okawaru
 13429 | D:11     | Reached skill level 11 in Fire Magic
 13975 | D:11     | Noticed a white ugly thing
 13986 | D:11     | Killed a white ugly thing
 15109 | Lair:1   | Entered Level 1 of the Lair of Beasts
 15114 | Lair:1   | Reached skill level 12 in Fire Magic
 15283 | Lair:1   | Reached XP level 12. HP: 92/92 MP: 27/27
 15448 | Lair:1   | Identified the Compendium of Unstable Calling
 15464 | Lair:1   | Noticed Prince Ribbit
 15469 | Lair:1   | Killed Prince Ribbit
 15482 | Lair:1   | Reached skill level 13 in Fire Magic
 15572 | Lair:1   | Found a one-way gate to the infinite horrors of the Abyss.
 15611 | Lair:1   | Found a corrupted altar of Lugonu.
 16269 | Lair:1   | Reached skill level 14 in Fire Magic
 16687 | Lair:2   | Mangled by a bog body

Illustrated notes

Levels and vault maps discovered:
D:1:      minmay_arrival_radiant_lines, layout_basic, minmay_pentomino_z4
D:2:      layout_loops_ring, hangedman_abyss_or_decor_lesser_grid, uniq_sigmund
D:3:      layout_loops_ring, dk_vineyard_3, minmay_surrounded, uniq_robin
D:4:      layout_basic, chequers_big_river, minmay_misc_feat_cross,
          grunt_ministairs_7
D:5:      kennysheep_big_flooded_room, layout_loops_ring,
          minmay_temple_entry_drinking_statues
D:6:      layout_basic
D:7:      layout_loops_ring, kennysheep_generic_room_8
D:8:      layout_basic, bloody_trog, erik_lair_orcish_takeover, special_room
          [special_room_orc]
D:9:      layout_irregular_city, hellmonk_ghost_happy_afterlife
D:10:     minmay_angry_zag, layout_cave_pools, unseen_surprise_small,
          uniq_erolcha
D:11:     layout_layer_cave
Temple:   roderic_octagonal_lattice_temple
Lair:1:   layout_regular_city, amcnicky_altar_lugonu_corruption,
          infiniplex_staircase_pool, minmay_lair_oklob_chamber,
          serial_bayou_shore_a, lemuel_fruit_tree, uniq_prince_ribbit2
Lair:2:   layout_chaotic_city, skrybe_swamp_entry_bodies, st_stairs_8,
          beast_lair_carwin_7, grunt_megastairs_4

Skill      XL: |  1  2  3  4  5  6  7  8  9 10 11 12 |
---------------+-------------------------------------+-----
Fighting       | 1 2 3 4 |  4.6
Fire Magic     | 4 5 6 7 12 14 | 14.3
Conjurations   | 2 3 4 |  4.0
Spellcasting   | 2 5 8 10 11 | 11.0
Dodging        | |  1.5
Stealth        | |  1.5

Action                   |  1- 3 |  4- 6 |  7- 9 | 10-12 || total
-------------------------+-------+-------+-------+-------++-------
Melee: Club              |    32 |       |       |       ||    32
       Unarmed           |     1 |       |       |       ||     1
       Quarterstaff      |       |    47 |    24 |       ||    71
       Falchion          |       |       |    39 |    44 ||    83
 Cast: Foxfire           |    55 |   101 |   340 |   609 ||  1105
       Sticky Flame      |       |       |     5 |    41 ||    46
       Fireball          |       |       |       |     3 ||     3
Evoke: Wand              |       |       |       |     1 ||     1
  Use: Scroll            |       |       |    10 |     9 ||    19
       Potion            |       |       |     4 |     3 ||     7
 Stab: Sleeping          |       |     1 |     2 |     1 ||     4
Armor: Robe              |    10 |    17 |    53 |    95 ||   175
Dodge: Dodged            |    41 |    41 |   106 |   192 ||   380
       Rpst.: Falchion   |       |       |    13 |    52 ||    65

Table legend: (Time is in decaauts)
 A = Elapsed time spent in this place.
 B = Non-inter-level travel time spent in this place.
 C = Inter-level travel time spent in this place.
 D = Time resting spent in this place.
 E = Time spent auto-exploring this place.
 F = Levels seen in this place.
 G = Mean time per level.
                   A        B        C        D        E       F      G
               +--------+--------+--------+--------+--------+-----+--------+
         Total |  16782 |  16305 |    477 |   2567 |  11096 |  14 | 1198.7 |
       Dungeon |  14892 |  14473 |    419 |   2141 |   9994 |  11 | 1353.8 |
        Temple |    344 |    300 |     44 |      0 |    299 |   1 |  344.0 |
          Lair |   1545 |   1532 |     13 |    426 |    803 |   2 |  772.5 |
               +--------+--------+--------+--------+--------+-----+--------+

Top non-repeatable levels by time:
    D:11: 1850 daAuts
     D:1: 1811 daAuts
     D:8: 1599 daAuts
  Lair:1: 1459 daAuts
     D:4: 1387 daAuts
     D:9: 1373 daAuts
     D:6: 1277 daAuts
     D:2: 1248 daAuts
     D:5: 1202 daAuts
    D:10: 1183 daAuts
     D:7: 1055 daAuts
     D:3: 904 daAuts
  Temple: 344 daAuts
  Lair:2: 85 daAuts
